 Dungeon Crawl Stone Soup version 0.21-a0-440-g28109cb (webtiles) character file.

157240 graki42 the Sorcerer (level 17, -1/84 HPs)
             Began as a Deep Elf Fire Elementalist on Nov 11, 2017.
             Was the Champion of Vehumet.
             Slain by an alligator snapping turtle (31 damage)
             ... on level 4 of the Shoals.
             The game lasted 03:05:43 (34325 turns).

graki42 the Sorcerer (Deep Elf Fire Elementalist)  Turns: 34325, Time: 03:05:44

Health: -1/84      AC: 12    Str:  8    XL:     17   Next: 12%
Magic:  5/44       EV: 15    Int: 25    God:    Vehumet [******]
Gold:   2435       SH:  6    Dex: 15    Spells: 17/59 levels left

rFire    . . .     SeeInvis +   p - +7 mace of Nilo {flame, rPois MR+ SInv}
rCold    + . .     Gourm    .   K - +2 buckler
rNeg     . . .     Faith    .   a - +2 robe {MR+}
rPois    +         Spirit   .   E - +1 helmet
rElec    .         Reflect  .   T - +1 cloak
rCorr    .         Harm     .   W - +2 pair of gloves
MR       +++..                  R - +0 pair of boots
Stlth    +++.......             r - amulet of magic regeneration
HPRegen  0.24/turn              H - ring of flight
MPRegen  0.54/turn              k - ring of protection from cold

@: barbed spikes
A: no striking features
a: Renounce Religion, Evoke Flight


You were on level 4 of the Shoals.
You worshipped Vehumet.
Vehumet was exalted by your worship.
You were not hungry.

You visited 5 branches of the dungeon, and saw 27 of its levels.
You also visited: Ossuary.

You collected 2935 gold pieces.
You spent 500 gold pieces at shops.

Inventory:

Hand Weapons
 p - the +7 mace of Nilo (weapon) {flame, rPois MR+ SInv}
   (You found it on level 10 of the Dungeon)

   It has been specially enchanted to burn those struck by it, causing extra
   injury to most foes and up to half again as much damage against particularly
   susceptible opponents.
   It protects you from poison.
   It affects your resistance to hostile enchantments.
   It lets you see invisible.
 L - the +1 short sword "Omelette" {flame, rElec Int+3}
   (You found it on level 6 of the Lair of Beasts)

   It has been specially enchanted to burn those struck by it, causing extra
   injury to most foes and up to half again as much damage against particularly
   susceptible opponents.
   It affects your intelligence (+3).
   It insulates you from electricity.
Armour
 a - a +2 robe of magic resistance (worn)
 b - a +0 leather armour of cold resistance
 l - a +2 robe of magic resistance
 q - a +2 robe of positive energy
 E - a +1 helmet (worn)
 K - a +2 buckler (worn)
 N - a +2 robe of cold resistance
 Q - a +0 leather armour of fire resistance
 R - a +0 pair of boots (worn)
 T - a +1 cloak (worn)
 W - a +2 pair of gloves (worn)
Jewellery
 k - a ring of protection from cold (right hand)
 r - an amulet of magic regeneration (around neck)
 v - an uncursed ring of fire
 x - an uncursed ring of positive energy
 H - a ring of flight (left hand)
 M - an uncursed ring of ice
Wands
 z - a wand of disintegration (18/24)
 J - a wand of flame (21/48)
 O - a wand of digging (12/24)
 V - a wand of flame (24/48)
Scrolls
 e - 4 scrolls of identify
 g - 3 scrolls of enchant weapon
 i - 3 scrolls of magic mapping
 j - 6 scrolls of fog
 m - 7 scrolls of teleportation
 n - a scroll of amnesia
 y - 4 scrolls of remove curse
 A - 3 scrolls of fear
 C - a scroll of vulnerability {unknown}
 D - 3 scrolls of immolation
 F - 2 scrolls of blinking
Potions
 h - 10 potions of curing
 u - 3 potions of brilliance
 B - 2 potions of resistance
 I - 2 potions of ambrosia
 P - a potion of flight
 S - a potion of haste
Books
 f - a book of Callings

   Spells                             Type                      Level
   a - Summon Small Mammal            Summoning                    1
   b - Call Imp                       Summoning                    2
   c - Call Canine Familiar           Summoning                    3
   d - Summon Guardian Golem          Hexes/Summoning              3
   e - Summon Lightning Spire         Summoning/Air                4
   f - Summon Ice Beast               Ice/Summoning                4
 s - a book of Beasts

   Spells                             Type                      Level
   a - Summon Butterflies             Summoning                    1
   b - Call Canine Familiar           Summoning                    3
   c - Summon Ice Beast               Ice/Summoning                4
   d - Summon Mana Viper              Hexes/Summoning              5
   e - Summon Hydra                   Summoning                    7
Comestibles
 c - 11 bread rations
 d - 12 fruits
 t - a meat ration


   Skills:
 + Level 2.1 Fighting
   Level 2.7 Staves
 + Level 2.8 Armour
 + Level 5.9 Dodging
 + Level 5.4 Stealth
 + Level 1.5 Shields
 + Level 21.6 Spellcasting
 + Level 16.7 Conjurations
 + Level 4.1 Hexes
 + Level 3.5 Charms
 + Level 15.6 Fire Magic
 + Level 0.3 Air Magic
 + Level 11.5 Earth Magic
 + Level 2.1 Evocations


You had 17 spell levels left.
You knew the following spells:

 Your Spells              Type           Power        Failure   Level  Hunger
a - Flame Tongue          Conj/Fire      #####        0%          1    None
b - Conjure Flame         Conj/Fire      #######.     0%          3    None
c - Inner Flame           Hex/Fire       ######..     1%          3    None
d - Sticky Flame          Conj/Fire      #######.     1%          4    None
e - Fireball              Conj/Fire      #######...   1%          5    None
f - Bolt of Magma         Conj/Fire/Erth #######...   1%          5    None
g - Iskenderun's Mystic   Conj           #######.     0%          4    None
h - Iskenderun's Battles  Conj/Chrm      ######..     1%          5    None
i - Iron Shot             Conj/Erth      #######...   1%          6    #......
j - Freezing Cloud        Conj/Ice/Air   ######....   9%          6    #......


Dungeon Overview and Level Annotations

Branches:
Dungeon (11/15)            Temple (0/1) D:4            Lair (6/6) D:11
 Shoals (4/4) Lair:3        Snake (4/4) Lair:2        Slime (0/5) Lair:5
    Orc (2/2) D:10            Elf (0/3) Orc:2

Altars:
Cheibriados
Dithmenos
Elyvilon
Fedhas
Hepliaklqana
Nemelex Xobeh
Qazlal
Sif Muna
Uskayaw
Vehumet
Wu Jian
Yredelemnul
The Shining One
Jiyva

Shops:
D:6 !   D:10 :   Orc:2 %(:}   Snake:2 =

Annotations:
D:6 2 runed doors
D:9 Gastronok
D:11 2 runed doors


Message History

Press: ? - help, Shift-Dir - straight line, f/p - alligator snapping turtle
Aim: an alligator snapping turtle (lightly wounded)
The flame tongue hits the alligator snapping turtle.
The alligator snapping turtle appears unharmed.
The alligator snapping turtle is lightly wounded.
Your battlesphere fires!
The barrage of energy hits the alligator snapping turtle.
The alligator snapping turtle is moderately wounded.
You block the alligator snapping turtle's attack.
A manticore comes into view.
Found a scroll of teleportation.
The alligator snapping turtle bites you!!!
Ouch! That really hurt!
You hear a shout!
There is a stone staircase leading up, spattered with blood here.
The manticore flicks its tail.
The volley of spikes hits you!
The barbed spikes become lodged in your body.
The alligator snapping turtle bites you!!
You die...

#.≈≈§≈§≈≈≈
##≈.≈≈≈≈≈≈#
[≈≈≈≈≈≈≈:≈
###..)≈≈≈≈≈≈ #
###....*≈≈≈≈≈≈
##.##≈#......≈≈≈≈≈
.............H≈...
.........t........
........@.†.≈.....
..........#≈≈.###.
.......P≈≈#####
.......≈≈##
.P....≈≈##
....P.P≈#
PP..P..≈#
....P..≈#
≈..?...≈≈


You could see an alligator snapping turtle, a manticore and a friendly
battlesphere.

Vanquished Creatures
  Rupert (Lair:4)
  A kraken (Shoals:1)
  Agnes (Snake:3)
  Donald (Shoals:3)
  Roxanne (Snake:3)
  7 nagarajas
  Aizul (Snake:3)
  An orc warlord (Orc:2)
  A merfolk javelineer (Shoals:3)
  An ettin (Orc:2)
  The ghost of alkexr the Fighter, a journeyman OgHu of Okawaru (Lair:2)
  A fire dragon (Lair:6)
  2 merfolk impalers (Shoals:4)
  An ogre mage (D:10)
  Josephine (Shoals:1)
  An ice dragon (Lair:6)
  Fannar (Lair:3)
  3 hydras
  A catoblepas (Lair:4)
  7 naga warriors
  4 anacondas
  6 two-headed ogres
  An alligator snapping turtle (Shoals:3)
  A merfolk avatar (Shoals:2)
  Erica (Lair:2)
  4 orc high priests (Orc:2)
  A death yak (Lair:3)
  Urug (Lair:3)
  8 shock serpents
  Sonja (Lair:4)
  4 naga sharpshooters
  4 salamander mystics
  4 naga ritualists
  5 sea snakes
  A swamp dragon (Lair:6)
  6 oklob plants
  4 orc knights (Orc:2)
  4 orc sorcerers (Orc:2)
  A salamander (shapeshifter) (D:10)
  9 mana vipers
  5 cyclopes
  3 fauns (Shoals:3)
  10 salamanders
  6 manticores
  33 black mambas
  26 elephants
  4 merfolk sirens
  11 naga magi
  An ice statue (Lair:6)
  Maurice (D:11)
  3 guardian serpents (Snake:3)
  6 water nymphs
  15 spiny frogs
  3 rime drakes
  7 komodo dragons
  15 polar bears
  18 merfolk
  8 trolls
  2 hornets
  6 wind drakes
  4 blink frogs
  A raiju (Lair:6)
  2 snapping turtles
  7 dream sheep
  10 hippogriffs
  A spriggan (Lair:3)
  7 yaks
  5 wraiths
  8 water elementals
  4 hogs (D:11)
  A human (D:11)
  6 vampire mosquitoes (Lair:4)
  A basilisk (Lair:6)
  A steam dragon (Lair:6)
  The ghost of Yermak the Cutter, an amateur OpGl of Nemelex Xobeh (D:4)
  9 wargs
  26 nagas
  3 acid dragons (Lair:6)
  16 hell hounds (Lair:6)
  6 porcupines
  10 water moccasins
  A swamp drake (Lair:6)
  9 ice beasts
  24 orc warriors
  3 sky beasts
  16 ogres
  12 black bears
  A necrophage (D:11)
  4 phantoms
  22 wolves
  19 crocodiles
  8 centaurs
  Blork the orc (D:5)
  5 big kobolds
  18 bullfrogs
  A wyvern zombie (D:6)
  A wyvern skeleton (D:8)
  3 scorpions
  2 jellies (D:6)
  4 wights (D:11)
  4 killer bees (D:8)
  An electric eel (Lair:3)
  A howler monkey (D:5)
  8 crimson imps
  2 bullfrog zombies
  2 centaur zombies
  10 hounds
  2 quasits
  2 human zombies (Ossuary)
  Crazy Yiuf (D:4)
  28 orc wizards
  A centaur skeleton (D:6)
  15 orc priests
  4 bullfrog skeletons
  6 hell rats (Lair:2)
  4 iguanas
  9 worker ants
  Natasha (thrice) (D:4)
  A hound zombie (D:8)
  A hound skeleton (D:6)
  3 mummies (Ossuary)
  15 adders
  3 shadow imps
  An ooze (D:3)
  4 adder zombies (Ossuary)
  3 adder skeletons
  4 worms
  5 dart slugs
  9 leopard geckos
  73 orcs
  6 giant cockroaches
  2 gnoll zombies (D:4)
  12 hobgoblins
  9 jackals
  20 kobolds
  3 quokkas
  2 ball pythons
  9 bats
  5 frilled lizards
  14 goblins
  3 goblin zombies (Ossuary)
  A hobgoblin zombie (Ossuary)
  3 kobold zombies (Ossuary)
  A quokka skeleton (D:6)
  3 quokka zombies
  9 rats
  3 rat zombies (Ossuary)
  2 fungi
  14 plants
917 creatures vanquished.

Vanquished Creatures (collateral kills)
  A hydra (Lair:1)
  A yak (Lair:1)
  A crocodile (Lair:1)
  A plant (Lair:1)
4 creatures vanquished.

Vanquished Creatures (others)
  A sea snake (Shoals:4)
  A warg (Orc:2)
  6 fungi
  25 plants
  4 tentacles (Shoals:1)
37 creatures vanquished.

Grand Total: 958 creatures vanquished

Notes
Turn   | Place    | Note
-------+----------+-------------------------------------------
     0 | D:1      | graki42 the Deep Elf Fire Elementalist began the quest for the Orb.
     0 | D:1      | Reached XP level 1. HP: 10/10 MP: 6/6
   196 | D:1      | Reached XP level 2. HP: 15/15 MP: 4/8
   511 | D:1      | Reached XP level 3. HP: 19/19 MP: 5/9
   542 | D:1      | Learned a level 3 spell: Conjure Flame
   546 | D:1      | Learned a level 3 spell: Inner Flame
   990 | D:2      | Reached XP level 4. HP: 24/24 MP: 6/11
  1068 | D:2      | Reached skill level 4 in Spellcasting
  1268 | D:2      | Found a radiant altar of Vehumet.
  1276 | D:2      | Became a worshipper of Vehumet
  1805 | D:3      | Reached XP level 5. HP: 28/28 MP: 13/13
  2005 | D:3      | Reached * piety under Vehumet
  2005 | D:3      | Offered knowledge of Freeze by Vehumet.
  2222 | D:3      | Learned a level 2 spell: Throw Flame
  2373 | D:4      | Reached skill level 5 in Spellcasting
  2384 | D:4      | Noticed Yermak's ghost (amateur OpGl)
  2407 | D:4      | Killed Yermak's ghost
  2407 | D:4      | Reached XP level 6. HP: 32/32 MP: 1/16
  2452 | D:4      | Found a staircase to the Ecumenical Temple.
  2515 | D:4      | Found the +10 Black Knight's horse barding {ponderous, rPois rN+}
  2526 | D:4      | Reached skill level 5 in Fire Magic
  2554 | D:4      | Found a sparkling altar of Nemelex Xobeh.
  2616 | D:4      | Noticed Natasha
  2621 | D:4      | Killed Natasha
  2621 | D:4      | Reached skill level 6 in Spellcasting
  2721 | D:4      | Found a basalt altar of Yredelemnul.
  2776 | D:4      | Noticed Natasha
  2787 | D:4      | Killed Natasha
  2787 | D:4      | Reached XP level 7. HP: 23/36 MP: 13/18
  2915 | D:4      | Offered knowledge of Searing Ray by Vehumet.
  2933 | D:4      | Found a snail-covered altar of Cheibriados.
  3174 | D:4      | Noticed Natasha
  3180 | D:4      | Killed Natasha
  3217 | D:4      | Found a runed door.
  3222 | D:4      | Reached ** piety under Vehumet
  3351 | D:4      | Noticed Crazy Yiuf
  3356 | D:4      | Killed Crazy Yiuf
  3521 | D:5      | Entered Level 5 of the Dungeon
  3686 | D:4      | Learned a level 4 spell: Sticky Flame
  3692 | D:4      | Learned a level 5 spell: Fireball
  3729 | D:5      | Noticed Blork the orc
  3742 | D:5      | Killed Blork the orc
  3742 | D:5      | Reached skill level 7 in Spellcasting
  3775 | D:5      | Reached skill level 1 in Fighting
  3781 | D:5      | Found a sand-covered staircase.
  3786 | Ossuary  | Entered an ossuary
  3889 | Ossuary  | Offered knowledge of Mephitic Cloud by Vehumet.
  4113 | D:5      | Reached XP level 8. HP: 30/43 MP: 16/21
  4205 | D:5      | Reached skill level 5 in Conjurations
  4206 | D:5      | Reached skill level 8 in Spellcasting
  4277 | D:5      | Reached *** piety under Vehumet
  4492 | D:5      | Reached skill level 1 in Hexes
  4702 | D:5      | Reached skill level 9 in Spellcasting
  5279 | D:6      | Offered knowledge of Fulminant Prism by Vehumet.
  5348 | D:6      | Found Wucleror's Distillery.
  5418 | D:6      | Found a large runed door.
  5418 | D:6      | Found a large runed door.
  5462 | D:6      | Found a large runed door.
  5462 | D:6      | Found a large runed door.
  5524 | D:6      | Reached XP level 9. HP: 47/47 MP: 20/24
  5827 | D:6      | Found a deep blue altar of Sif Muna.
  5974 | D:6      | Reached **** piety under Vehumet
  6045 | D:6      | Offered knowledge of Yara's Violent Unravelling by Vehumet.
  6368 | D:7      | Reached skill level 10 in Spellcasting
  6420 | D:7      | Found an ornate altar of the Wu Jian Council.
  6486 | D:7      | Found a stormy altar of Qazlal.
  7024 | D:7      | Found a white marble altar of Elyvilon.
  7028 | D:7      | Found a blossoming altar of Fedhas.
  7033 | D:7      | Found a hazy altar of Hepliaklqana.
  7221 | D:7      | Found a shadowy altar of Dithmenos.
  7389 | D:8      | Found a hide-covered altar of Uskayaw.
  7389 | D:8      | Noticed a hand axe
  7389 | D:8      | Noticed a dagger
  7431 | D:8      | Reached skill level 11 in Spellcasting
  7456 | D:8      | Noticed a two-headed ogre
  7469 | D:8      | Reached skill level 1 in Staves
  7475 | D:8      | Killed a two-headed ogre
  7475 | D:8      | Reached XP level 10. HP: 51/52 MP: 19/27
  7535 | D:8      | Reached ***** piety under Vehumet
  7554 | D:8      | Offered knowledge of Iskenderun's Mystic Blast by Vehumet.
  7684 | D:8      | Learned a level 4 spell: Iskenderun's Mystic Blast
  7797 | D:8      | Noticed a two-headed ogre
  7817 | D:8      | Killed a two-headed ogre
  7817 | D:8      | Reached skill level 12 in Spellcasting
  7817 | D:8      | Reached skill level 10 in Fire Magic
  8061 | D:8      | Found a glowing golden altar of the Shining One.
  8143 | D:8      | Identified a scroll of acquirement
  8144 | D:8      | Got a steaming copper ring
  8146 | D:8      | Identified the ring "Ykifemof" {rCorr Slay+3} (You acquired it on level 8 of the Dungeon)
  8517 | D:9      | Noticed a two-headed ogre
  8521 | D:9      | Killed a two-headed ogre
  8654 | D:9      | Reached skill level 13 in Spellcasting
  9070 | D:9      | Noticed Gastronok
  9402 | D:10     | Entered Level 10 of the Dungeon
  9519 | D:10     | Found a staircase to the Orcish Mines.
  9633 | D:10     | Found a runed door.
  9674 | D:10     | Reached XP level 11. HP: 56/56 MP: 13/30
  9962 | D:10     | Noticed an ogre mage
  9966 | D:10     | Killed an ogre mage
  9983 | D:10     | Noticed a two-headed ogre
 10208 | D:10     | Found Sifajad's Book Shop.
 10952 | D:11     | Noticed a two-headed ogre
 10973 | D:11     | Killed a two-headed ogre
 11016 | D:11     | Noticed Maurice
 11024 | D:11     | Killed Maurice
 11215 | D:11     | Found a staircase to the Lair.
 11219 | D:11     | Reached skill level 10 in Conjurations
 11414 | D:11     | Reached skill level 14 in Spellcasting
 11535 | D:11     | Found a runed door.
 11536 | D:11     | Noticed an ice dragon
 11537 | D:11     | Noticed a fire dragon
 11538 | D:11     | Noticed a fire dragon
 11544 | D:11     | Noticed an ice dragon
 11573 | D:11     | Found the +2 shield of Resistance {rF+ rC+ MR+}
 11605 | D:11     | Found a runed door.
 11668 | D:11     | Noticed a two-headed ogre
 11676 | D:11     | Killed a two-headed ogre
 11676 | D:11     | Offered knowledge of Ozocubu's Refrigeration by Vehumet.
 12242 | Lair:1   | Entered Level 1 of the Lair of Beasts
 12286 | Lair:1   | Learned a level 5 spell: Bolt of Magma
 12292 | Lair:1   | Learned a level 5 spell: Iskenderun's Battlesphere
 12339 | Lair:1   | Reached skill level 1 in Armour
 12451 | Lair:1   | Got a warped mace
 12452 | Lair:1   | Identified the +8 mace "Cyegogha" {venom, Str+3 Stlth+} (You found it on level 1 of the Lair of Beasts)
 12567 | Lair:1   | Noticed a six-headed hydra
 12576 | Lair:1   | Reached XP level 12. HP: 61/61 MP: 15/32
 12579 | Lair:1   | Killed a six-headed hydra
 12673 | Lair:1   | Reached skill level 1 in Earth Magic
 13275 | Lair:2   | Noticed alkexr's ghost (journeyman OgHu)
 13287 | Lair:2   | Noticed Erica
 13342 | Lair:2   | Killed Erica
 13346 | Lair:2   | Killed alkexr's ghost
 13346 | Lair:2   | Reached skill level 5 in Stealth
 13346 | Lair:2   | Reached skill level 15 in Spellcasting
 13487 | Lair:2   | Found a staircase to the Snake Pit.
 14267 | Lair:3   | Noticed a four-headed hydra
 14298 | Lair:3   | Killed a four-headed hydra
 14408 | Lair:3   | Found a staircase to the Shoals.
 14695 | Lair:3   | Noticed Urug
 14702 | Lair:3   | Killed Urug
 14702 | Lair:3   | Reached skill level 5 in Earth Magic
 14817 | Lair:3   | Noticed Fannar
 14823 | Lair:3   | Killed Fannar
 14967 | Lair:3   | Reached XP level 13. HP: 65/65 MP: 16/34
 15052 | Lair:3   | Reached skill level 16 in Spellcasting
 15480 | Lair:4   | Noticed Rupert
 15485 | Lair:4   | Killed Rupert
 16097 | Lair:4   | Found an ornate altar of the Wu Jian Council.
 16255 | Lair:4   | Noticed Sonja
 16256 | Lair:4   | Killed Sonja
 16892 | Lair:5   | Reached skill level 17 in Spellcasting
 16930 | Lair:5   | Found a viscous altar of Jiyva.
 16930 | Lair:5   | Found a staircase to the Slime Pits.
 17574 | Lair:6   | Entered Level 6 of the Lair of Beasts
 18117 | Lair:5   | Offered knowledge of Irradiate by Vehumet.
 18192 | Lair:6   | Reached XP level 14. HP: 64/70 MP: 23/37
 19004 | Lair:6   | Reached skill level 18 in Spellcasting
 19119 | Lair:6   | Reached skill level 1 in Charms
 19255 | Lair:6   | Offered knowledge of Lee's Rapid Deconstruction by Vehumet.
 19675 | Lair:6   | Reached skill level 5 in Dodging
 20312 | Lair:6   | Got a jewelled short sword
 20315 | Lair:6   | Got a fine mace
 20426 | Lair:1   | Identified the +6 mace "Caotul" {drain, rPois} (You found it on level 6 of the Lair of Beasts)
 20427 | Lair:1   | Identified the +1 short sword "Omelette" {flame, rElec Int+3} (You found it on level 6 of the Lair of Beasts)
 20573 | Orc:1    | Entered Level 1 of the Orcish Mines
 20776 | Orc:2    | Entered Level 2 of the Orcish Mines
 20812 | Orc:2    | Found a flickering gateway to a bazaar.
 20978 | Orc:2    | Noticed an orc warlord
 21014 | Orc:2    | Killed an orc warlord
 21096 | Orc:2    | Found a staircase to the Elven Halls.
 21512 | Orc:2    | Reached ****** piety under Vehumet
 21880 | Orc:2    | Offered knowledge of Conjure Ball Lightning by Vehumet.
 21880 | Orc:2    | Reached skill level 19 in Spellcasting
 21885 | Orc:2    | Reached XP level 15. HP: 65/75 MP: 8/40
 21996 | Orc:2    | Found Ykitz's Gadget Shoppe.
 21996 | Orc:2    | Found Sizehuz's Food Shop.
 22005 | Orc:2    | Found Latakun's Antique Weapon Shop.
 22005 | Orc:2    | Found Ijeer's Book Shoppe.
 22708 | D:10     | Got a shimmering ivory ring
 22711 | D:10     | Got a crude mace
 22712 | D:10     | Identified the +7 mace of Nilo {flame, rPois MR+ SInv} (You found it on level 10 of the Dungeon)
 23326 | Lair:1   | Identified the ring of Wifoaxt {*Tele MP+9 Int+3 Dex+4} (You found it on level 10 of the Dungeon)
 23374 | Snake:1  | Entered Level 1 of the Snake Pit
 23452 | Lair:1   | Learned a level 6 spell: Iron Shot
 23961 | Snake:1  | Reached skill level 10 in Earth Magic
 25015 | Snake:2  | Noticed a nagaraja
 25018 | Snake:2  | Killed a nagaraja
 25262 | Snake:2  | Reached skill level 15 in Conjurations
 25586 | Snake:2  | Found Uxicil's Jewellery Emporium.
 25654 | Snake:2  | Bought an uncursed ring of fire for 500 gold pieces
 25752 | Snake:2  | Noticed a nagaraja
 25758 | Snake:2  | Killed a nagaraja
 26071 | Snake:2  | Reached skill level 20 in Spellcasting
 27233 | Snake:3  | Reached XP level 16. HP: 72/80 MP: 32/42
 27304 | Snake:3  | Noticed Roxanne
 27764 | Snake:3  | Noticed Agnes
 27766 | Snake:3  | Killed Agnes
 28066 | Snake:3  | Offered knowledge of Freezing Cloud by Vehumet.
 28177 | Snake:3  | Reached skill level 1 in Shields
 28572 | Snake:3  | Reached skill level 15 in Fire Magic
 28612 | Snake:3  | Noticed Aizul
 28622 | Snake:3  | Killed Aizul
 29510 | Snake:3  | Killed Roxanne
 29512 | Snake:3  | Identified Roxanne's Reference Book on Shape Shifting (You took it off Roxanne on level 3 of the Snake Pit)
 29577 | Snake:4  | Entered Level 4 of the Snake Pit
 30083 | Snake:3  | Reached skill level 21 in Spellcasting
 30496 | Shoals:1 | Entered Level 1 of the Shoals
 31222 | Shoals:1 | Noticed Josephine
 31225 | Shoals:1 | Killed Josephine
 31451 | Shoals:1 | Noticed a kraken
 31459 | Shoals:1 | Killed a kraken
 31665 | Shoals:2 | Reached skill level 1 in Evocations
 31961 | Shoals:2 | Learned a level 6 spell: Freezing Cloud
 32729 | Shoals:3 | Noticed Donald
 32731 | Shoals:3 | Killed Donald
 32731 | Shoals:3 | Reached XP level 17. HP: 84/84 MP: 27/44
 33245 | Shoals:4 | Entered Level 4 of the Shoals
 33251 | Shoals:4 | Offered knowledge of Bolt of Fire by Vehumet.
 34325 | Shoals:4 | Slain by an alligator snapping turtle

Vault maps used:
D:1:      evilmike_arrival_fibonacci_small, minmay_pentomino_w2
D:2:      vehumet_crystals, grunt_ministairs_11
D:4:      kennysheep_little_box, lemuel_zombie_altar_yredelemnul,
          nemelex_altar_shiori, minmay_temple_entry_hall, uniq_natasha,
          uniq_crazy_yiuf_cottage
D:5:      first_bread, nicolae_ossuary_entry_ruins, hangedman_decor_push,
          uniq_blork_the_orc
D:6:      kennysheep_orc_sif_temple, serial_shops, shop,
          minmay_hollow_rounded_squares
D:7:      nicolae_qazlal_general_emergency, lemuel_doored_altar,
          kennysheep_mini_moat, minmay_overflow_temple_star_quad
D:8:      tso_oasis_becter, dancing_weapons_uskayaw
D:9:      uniq_gastronok
D:10:     minmay_the_grid_triangle_9x9_rhombus_full, orc_0_dummy, serial_shops,
          shop_fountains
D:11:     david_lair_shrubbed, grunt_livestock,
          minmay_guarded_unrand_resistance, uniq_maurice
Lair:1:   grunt_megastairs_2
Lair:2:   minmay_snake_entry_guardpost_small, minivault_24,
          infiniplex_staircase_pool_2, uniq_erica
Lair:3:   shoals_dummy_entry, grunt_forest_large_clearing_hut,
          serial_bayou_shore_a, uniq_urug, uniq_fannar
Lair:4:   basic_altar, serial_bayou_pond_e, pond, lemuel_fruit_fields,
          minmay_lair_oklob_chamber, uniq_sonja, uniq_rupert
Lair:5:   dpeg_oklob_gauntlet, slime_altar_1, small_statue_intersection,
          grunt_megastairs_3, serial_bayou_shore_b
Lair:6:   guppyfry_lair_end_dragon, hangedman_lair_caniforms_friends,
          ice2_lemuel
Shoals:1: uniq_josephine
Shoals:3: uniq_donald
Shoals:4: shoals_end_grunt_ice, shoals_ilsuiw_alternative,
          nicolae_shoals_drake_roost
Snake:2:  serial_shops, shop
Snake:3:  nicolae_aizul_guard, uniq_roxanne, uniq_agnes
Snake:4:  grunt_snake_rune_pools
Orc:2:    grunt_orc_tribal_feast, serial_shops, bzr_entry_lakeside
Ossuary:  ossuary_minmay_chase

Skill      XL: |  1  2  3  4  5  6  7  8  9 10 11 12 13 14 15 16 17 |
---------------+----------------------------------------------------+-----
Dodging        | 3 4 5 |  5.9
Fire Magic     | 4 5 6 7 9 10 11 12 13 14 15 | 15.6
Spellcasting   | 4 5 6 7 9 11 13 14 15 17 19 20 21 | 21.6
Stealth        | 3 4 5 |  5.4
Conjurations   | 2 3 4 6 7 9 10 12 13 14 15 16 | 16.7
Fighting       | 1 2 |  2.1
Hexes          | 2 3 4 |  4.1
Staves         | 1 2 |  2.7
Armour         | 1 2 |  2.8
Earth Magic    | 5 7 9 10 11 | 11.5
Charms         | 1 3 |  3.5
Shields        | 1 |  1.5
Evocations     | 1 2 |  2.1
Air Magic      | |  0.3

Action                   |  1- 3 |  4- 6 |  7- 9 | 10-12 | 13-15 | 16-18 || total
-------------------------+-------+-------+-------+-------+-------+-------++-------
Melee: Dagger            |       |     2 |    15 |       |       |       ||    17
       Quarterstaff      |       |       |    24 |    29 |       |       ||    53
       Mace              |       |       |       |     1 |     9 |     1 ||    11
 Cast: Flame Tongue      |    71 |   123 |   301 |   229 |   188 |    26 ||   938
       Conjure Flame     |       |     3 |    18 |    24 |     4 |       ||    49
       Inner Flame       |       |     3 |     8 |     8 |    19 |     4 ||    42
       Sticky Flame      |       |       |    21 |    49 |    66 |    10 ||   146
       Throw Flame       |       |       |     5 |       |       |       ||     5
       Fireball          |       |       |    10 |    37 |   146 |   160 ||   353
       Iskenderun's Myst |       |       |       |    82 |   174 |    33 ||   289
       Bolt of Magma     |       |       |       |    52 |   146 |    10 ||   208
       Iskenderun's Batt |       |       |       |       |    43 |    11 ||    54
       Iron Shot         |       |       |       |       |    20 |    62 ||    82
       Freezing Cloud    |       |       |       |       |       |     3 ||     3
 Abil: Evoke Flight      |       |       |       |       |       |    15 ||    15
       Stop Flying       |       |       |       |       |       |     1 ||     1
Evoke: Wand              |       |       |       |     2 |       |       ||     2
  Use: Scroll            |       |       |     2 |    25 |    16 |     5 ||    48
       Potion            |       |       |       |     7 |     5 |     3 ||    15
 Stab: Sleeping          |       |     2 |     2 |     1 |       |       ||     5
  Eat: Chunk             |       |     4 |    18 |    24 |    23 |    10 ||    79
       Fruit             |       |       |     1 |     2 |       |     2 ||     5
       Bread ration      |       |       |       |     1 |     1 |     1 ||     3
       Meat ration       |       |       |       |       |     2 |     2 ||     4
       Royal jelly       |       |       |       |       |     1 |     2 ||     3
Armor: Robe              |     1 |     4 |    11 |    31 |    13 |    13 ||    73
       Troll leather arm |       |       |       |    10 |    89 |       ||    99
Dodge: Dodged            |    10 |    25 |    61 |   100 |   158 |    34 ||   388
Block: Buckler           |       |       |       |       |    27 |    22 ||    49

Table legend:
 A = Spawn XP
 B = Non-spawn XP
 C = Spawn XP percentage of total XP
 D = Spawn monster count
 E = Non-spawn monster count
 F = Spawn count percentage of total count
 G = Total turns spent on level
                    A         B        C        D         E        F      G
               +---------+---------+-------+---------+---------+-------+---------
         Total |       0 |  224629 |   0.0 |       0 |     906 |   0.0 | 34325
               +---------+---------+-------+---------+---------+-------+---------
           D:1 |       0 |      62 |   0.0 |       0 |      34 |   0.0 |   919
           D:2 |       0 |     131 |   0.0 |       0 |      32 |   0.0 |   885
           D:3 |       0 |      77 |   0.0 |       0 |      18 |   0.0 |   566
           D:4 |       0 |     745 |   0.0 |       0 |      28 |   0.0 |  1326
           D:5 |       0 |    1103 |   0.0 |       0 |      35 |   0.0 |  1233
           D:6 |       0 |     922 |   0.0 |       0 |      34 |   0.0 |   966
           D:7 |       0 |    1460 |   0.0 |       0 |      32 |   0.0 |  1236
           D:8 |       0 |    3266 |   0.0 |       0 |      32 |   0.0 |   853
           D:9 |       0 |    2426 |   0.0 |       0 |      32 |   0.0 |  1294
          D:10 |       0 |    6399 |   0.0 |       0 |      31 |   0.0 |  1972
          D:11 |       0 |    6125 |   0.0 |       0 |      30 |   0.0 |  1654
        Lair:1 |       0 |    4913 |   0.0 |       0 |      25 |   0.0 |  1535
        Lair:2 |       0 |    6006 |   0.0 |       0 |      23 |   0.0 |  1619
        Lair:3 |       0 |   10028 |   0.0 |       0 |      29 |   0.0 |  1088
        Lair:4 |       0 |   11042 |   0.0 |       0 |      23 |   0.0 |  1233
        Lair:5 |       0 |    7113 |   0.0 |       0 |      22 |   0.0 |  1390
        Lair:6 |       0 |   30301 |   0.0 |       0 |     120 |   0.0 |  2230
      Shoals:1 |       0 |   12900 |   0.0 |       0 |      25 |   0.0 |  1141
      Shoals:2 |       0 |    5751 |   0.0 |       0 |      14 |   0.0 |   752
      Shoals:3 |       0 |   12077 |   0.0 |       0 |      27 |   0.0 |  1848
      Shoals:4 |       0 |    5945 |   0.0 |       0 |      14 |   0.0 |    88
       Snake:1 |       0 |   20685 |   0.0 |       0 |      41 |   0.0 |  1564
       Snake:2 |       0 |   21312 |   0.0 |       0 |      33 |   0.0 |  1941
       Snake:3 |       0 |   28670 |   0.0 |       0 |      36 |   0.0 |  2825
       Snake:4 |       0 |    7391 |   0.0 |       0 |      15 |   0.0 |   141
         Orc:1 |       0 |    2050 |   0.0 |       0 |      30 |   0.0 |   646
         Orc:2 |       0 |   15555 |   0.0 |       0 |      70 |   0.0 |  1059
       Ossuary |       0 |     174 |   0.0 |       0 |      21 |   0.0 |   321
               +---------+---------+-------+---------+---------+-------+---------
